Map: Pillars of Gold LE

Players

Solar - Winner!

  • Race: Zerg Zerg
  • Spawn Location: 1:00

Clem

  • Race: Terran Terran
  • Spawn Location: 7:00

Event: IEM Katowice 2021

VOD

Have the link to the VOD?

Description

Time

  • Played on: Feb. 22, 2021, 12:47 p.m.
  • Length: 4:55

All games in this series

Show
View Real Time Build Order
Export as new Build Order

Solar Zerg - Winner!

Build Orders: Hatch First, Roach Nydus 

Get SALT Encoding   

  12  0:01  Drone  
  13  0:12  Overlord  
  13  0:17  Drone  
  14  0:30  Drone x2  
  16  0:49  Hatchery  
  15  0:52  Drone  
  15  0:56  Drone  
  17  1:00  Drone  
  18  1:10  Extractor  
  17  1:15  Spawning Pool  
  17  1:18  Drone  
  17  1:21  Drone  
  18  1:28  Drone  
  19  1:40  Drone  
  20  1:49  Drone  
  21  2:02  Zergling x4, Queen x2  
  27  2:12  Overlord  
  27  2:13  Drone  
  28  2:28  Hatchery  
  28  2:29  Drone  
  28  2:31  Drone  
  28  2:35  Drone  
  30  2:44  Lair  
  30  2:47  Drone  
  31  2:54  Queen  
  31  2:58  Extractor  
  32  2:59  Drone  
  32  3:01  Drone  
  34  3:09  Roach Warren  
  33  3:14  Overlord  
  33  3:16  Drone  
  34  3:20  Drone  
  34  3:21  Drone  
  36  3:40  Drone  
  37  3:43  Queen, Nydus Network  
  38  3:50  Roach x2  
  38  3:52  Overlord  
  42  3:57  Roach  
  42  4:01  Roach  
  46  4:05  Roach  
  46  4:09  Extractor  
  47  4:11  Roach  
  47  4:14  Roach  
  52  4:18  Roach  
  52  4:20  Nydus Canal  
  54  4:24  Roach  
  54  4:31  Roach  
  58  4:32  Overseer  
  58  4:36  Overlord  
Show
View Real Time Build Order
Export as new Build Order

Clem Terran 

Build Orders: Reaper Expand 

Get SALT Encoding   

  12  0:00  SCV  
  13  0:12  SCV  
  14  0:17  Supply Depot  
  14  0:24  SCV  
  15  0:39  SCV  
  15  0:41  Barracks  
  16  0:46  Refinery  
  16  0:51  SCV  
  17  1:03  SCV  
  18  1:15  SCV  
  19  1:28  Reaper  
  19  1:29  Orbital Command  
  20  1:43  Command Center  
  20  1:51  Supply Depot  
  20  1:54  SCV  
  20  2:00  Marine  
  22  2:07  SCV  
  23  2:15  Factory  
  23  2:19  SCV  
  24  2:23  Barracks Reactor  
  24  2:31  SCV  
  25  2:43  Command Center  
  25  2:45  SCV  
  26  2:54  Orbital Command  
  26  2:57  SCV  
  27  3:03  Starport  
  27  3:07  Refinery  
  27  3:09  SCV  
  28  3:15  Hellion  
  28  3:19  Hellion  
  32  3:21  SCV  
  32  3:23  SCV  
  32  3:25  Barracks Tech Lab  
  34  3:33  SCV  
  35  3:35  SCV  
  35  3:37  Hellion  
  35  3:41  Hellion  
  40  3:45  SCV  
  41  3:56  SCV, Orbital Command  
  41  3:58  SCV  
  41  4:01  Hellion  
  41  4:02  Hellion  
  49  4:08  SCV, Supply Depot  
  50  4:10  SCV, Barracks Tech Lab  
  51  4:20  SCV  
  51  4:22  SCV x2, Hellion  
  51  4:23  Hellion  
  58  4:32  Supply Depot  
  58  4:33  SCV  

Tags
 
Add a new tag
Caveats
  • Supply blocks, unpowered buildings, or Contaminate may cause inaccurate times.
  • Supply counts are checked every 10 seconds.